 Dungeon Crawl Stone Soup version 0.30-a0-170-g85af917532 (webtiles) character file.

Game seed: 148326319422550965

228 Flugkiller the Chopper (level 5, -2/42 HPs)
             Began as a Mummy Berserker on Sept 30, 2022.
             Was a Priest of Trog.
             Slain by a wight
             ... wielding a +4 falchion
              (10 damage)
             ... on level 3 of the Dungeon.
             The game lasted 00:03:46 (5085 turns).

Flugkiller the Chopper (Mummy Berserker)            Turns: 5085, Time: 00:03:47

Health: -2/42      AC:  9    Str: 20    XL:     5   Next: 70%
Magic:  0/5        EV:  8    Int:  6    God:    Trog [***...]
Gold:   136        SH:  0    Dex: 14    Spells: 4/4 levels left

rFire   x . .      SeeInvis .    a - +0 hand axe
rCold   + . .      Faith    +    (no shield)
rNeg    + + +      Spirit   +    h - +0 chain mail
rPois   ∞          Reflect  .    (no helmet)
rElec   .          Harm     .    (no cloak)
rCorr   .          Rampage  .    (no gloves)
Will    ++...                    (no boots)
Stlth   ..........               e - amulet of guardian spirit
HPRegen 1.14/turn                (no ring)
MPRegen 0.09/turn                (no ring)

@: strong-willed, regenerating
A: cold resistance 1, negative energy resistance 3, torment resistance 2, heat
vulnerability 1, in touch with death 1, no potions, faith
a: Renounce Religion, Trog's Hand


You were on level 3 of the Dungeon.
You worshipped Trog.
Trog was most pleased with you.
You visited 1 branch of the dungeon, and saw 4 of its levels.

You collected 136 gold pieces.

Inventory:

Hand Weapons
 a - a +0 hand axe (weapon)
 k - a +0 halberd
   (You took it off a gnoll on level 2 of the Dungeon)
Missiles
 g - 6 boomerangs (quivered)
Armour
 h - a +0 chain mail (worn)
   (You found it on level 3 of the Dungeon)
 i - an orb of guile
   (You took it off an orc on level 3 of the Dungeon)
Jewellery
 d - a ring of fire
   (You found it on level 1 of the Dungeon)
 e - an amulet of guardian spirit (around neck)
   (You found it on level 2 of the Dungeon)
Scrolls
 b - a scroll of torment
 j - a scroll of enchant armour
 l - a scroll of brand weapon
 m - a scroll of fog {unknown}
 r - a scroll of identify
 t - a scroll of teleportation


   Skills:
 + Level 4.1 Fighting
 * Level 4.1 Axes
 + Level 2.8 Armour
 - Level 1.5 Dodging


You had 4 spell levels left.
You didn't know any spells.
Your spell library was empty.

Dungeon Overview and Level Annotations

Branches:
Dungeon (4/15) Zot: 18869
 Temple: D:4-7

Altars:
Ru

Shops:
D:1 (


Innate Abilities, Weirdness & Mutations

You are immune to poison.
Your flesh is cold resistant. (rC+)
You are immune to negative energy. (rN+++)
You are immune to unholy pain and torment.
You are vulnerable to heat. (rF-)
You are in touch with the powers of death.
You do not drink.
You have a special connection with the divine. (Faith)


Message History

The orc hits you but does no damage.
You completely miss the orc. The orc hits you with a +0 mace.
You hit the orc.
The orc is severely wounded.
The orc barely misses you.
You slash the orc!
You kill the orc!
Trog accepts your kill.
Things that are here:
a +0 mace; a +0 leather armour No target in view!
Found a flail.
r - a scroll of identify You open the door.
There is an open door here.
You open the door.
There is an open door here.
Found a ring mail.
No target in view!
No target in view!
No target in view!
An ogre is nearby!
An ogre is nearby!
An ogre is nearby!
The ogre shouts!
There is an open door here.
There is an open door here.
Unknown command.
There is an open door here.
There is an open door here.
There is an open door here.
There is a stone staircase leading up here.
You climb upwards.
There is a stone staircase leading down here.
You see here 7 stones.
Things that are here:
a +0 short sword; a +0 dagger
There is a stone staircase leading down here.
You climb downwards.
There is a stone staircase leading up here.
You open the door.
Found a short sword.
There is an open door here.
You open the door.
There is an open door here.
A wight comes into view. It is wielding a +4 falchion.
Found a fizzy cyan potion.
A wight is nearby! 4 wights come into view.
The wight hits you with a +4 falchion.
You hit the wight.
The wight is moderately damaged.
The wight hits you with a +4 falchion.
You hit the wight.
The wight is moderately damaged.
The wight hits you with a +4 falchion.
There is an open door here.
There is an open door here.
There is a stone staircase leading up here.
The wight closely misses you. The wight barely misses you.
The wight hits you from afar with a +0 halberd.
The wight hits you from afar with a +0 halberd.
The wight hits you but does no damage.
You climb upwards.
There is a stone staircase leading down here.
You hit the wight but do no damage.
The wight is moderately damaged.
The wight barely misses you.
You hit the wight but do no damage.
The wight is moderately damaged.
The wight hits you with a +4 falchion.
You are too injured to fight recklessly!
You closely miss the wight.
The wight is moderately damaged.
The wight hits you with a +4 falchion. x2
You are too injured to fight recklessly!
You barely miss the wight.
The wight is moderately damaged.
The wight hits you with a +4 falchion.
You hit the wight.
The wight is moderately damaged.
The wight closely misses you.
Your skin crawls.
You feel strong-willed. The wight hits you with a +4 falchion.
* * * LOW HITPOINT WARNING * * *
You barely miss the wight.
The wight is moderately damaged.
The wight closely misses you.
You hit the wight.
The wight is heavily damaged.
The wight hits you with a +4 falchion!
* * * LOW HITPOINT WARNING * * *
The wight attacks as you move away! The wight hits you but does no damage.
You see here a +0 mace.
The wight attacks as you move away! The wight hits you with a +4 falchion.
* * * LOW HITPOINT WARNING * * *
The wight attacks as you move away! The wight hits you with a +4 falchion!
You die...

#..#..##.##.#####.####...##.#
.............####.# #..###.#
##.#.#......>..##.# #..###.#
##.......##..#.##.# #......#####
.....#.####.)#.##.# #...#.....).
###.##.# ##.......# #...#.#####.
##...#.# #.......## #.........#.
#......# #..##.z.#####...#.##....
.......###..##..@#.............#.
........##...#.................#.
.......###...##..#...............
......####.......#####...#####.##
##...###.##......# #.........#
###.###.#.##.##### #...####### #
####.###.#.# #.).# # #.## ##..#
##.## ######.###.### #.# ######


You could see a wight.

Vanquished Creatures
  A scorpion (D:3)
  A hound (D:3)
  A gnoll (D:2)
  6 adders
  A worm (D:1)
  5 orcs
  8 endoplasms
  A giant cockroach (D:2)
  5 goblins
  4 hobgoblins
  5 jackals
  3 quokkas
  6 ball pythons
  4 bats (D:3)
  4 frilled lizards
  8 kobolds
  6 rats
69 creatures vanquished.

Vanquished Creatures (others)
  10 plants (D:3)
10 creatures vanquished.

Grand Total: 79 creatures vanquished

Notes
Turn   | Place    | Note
-------+----------+-------------------------------------------
     0 | D:1      | Flugkiller the Mummy Berserker began the quest for the Orb.
     0 | D:1      | Reached XP level 1. HP: 18/18 MP: 1/1
   113 | D:1      | Found Reomon's Weapon Boutique.
   365 | D:1      | Reached XP level 2. HP: 13/24 MP: 2/2
   812 | D:1      | Reached ** piety under Trog
   985 | D:1      | Gained mutation: You are in touch with the powers of death.
                  | [Mummy growth]
   985 | D:1      | Reached XP level 3. HP: 23/29 MP: 3/3
  2005 | D:2      | Found a sacrificial altar of Ru.
  3047 | D:3      | Reached XP level 4. HP: 21/35 MP: 4/4
  4004 | D:3      | Identified the +7 spear of Gozag, Hurting {holy, rC+ Will+}
  4142 | D:3      | Noticed a scorpion
  4154 | D:3      | Killed a scorpion
  4155 | D:3      | Reached XP level 5. HP: 20/42 MP: 2/5
  4603 | D:3      | Reached *** piety under Trog
  4729 | D:4      | Noticed an ogre
  4834 | D:4      | Identified the +1 leather armour of the Ageless Beasts {rF-
                  | Int+5}
  5085 | D:3      | Slain by a wight

Illustrated notes

Levels and vault maps discovered:
D:1:      matt_arrival_spirals, layout_loops_cross, serial_shops, shop,
          kennysheep_flooded_box
D:2:      layout_loops_ring, basic_altar
D:3:      layout_loops_cross, serial_bayou_pond_a
D:4:      layout_gridville, nicolae_hepliaklqana_hazy_memory, lemuel_tele_altar,
          ebering_dispersal_statue_hall

Skill      XL: |  1  2  3  4  5 |
---------------+----------------+-----
Axes           | 3 4 |  4.1
Armour         | 2 |  2.8
Fighting       | 4 |  4.1
Dodging        | |  1.5

Action                   |  1- 3 |  4- 6 || total
-------------------------+-------+-------++-------
Melee: Hand axe          |   151 |   137 ||   288
       Punch             |     1 |       ||     1
Invok: Trog's Hand       |       |     1 ||     1
  Use: Scroll            |       |     4 ||     4
 Stab: Sleeping          |     3 |       ||     3
Armor: Animal skin       |    19 |       ||    19
       Chain mail        |       |    64 ||    64
Dodge: Dodged            |    98 |    79 ||   177

Table legend: (Time is in decaauts)
 A = Elapsed time spent in this place.
 B = Non-inter-level travel time spent in this place.
 C = Inter-level travel time spent in this place.
 D = Time resting spent in this place.
 E = Time spent auto-exploring this place.
 F = Levels seen in this place.
 G = Mean time per level.
                   A        B        C        D        E       F      G
               +--------+--------+--------+--------+--------+-----+--------+
         Total |   5130 |   4946 |    184 |   2369 |   1598 |   4 | 1282.5 |
       Dungeon |   5130 |   4946 |    184 |   2369 |   1598 |   4 | 1282.5 |
               +--------+--------+--------+--------+--------+-----+--------+

Top non-repeatable levels by time:
     D:2: 1776 daAuts
     D:1: 1737 daAuts
     D:3: 1306 daAuts
     D:4: 309 daAuts
